 Dungeon Crawl Stone Soup version 0.19-a0-1260-gc94d3f7 (webtiles) character file.

49 rlgrobin the Scratcher (level 3, -2/17 HPs)
             Began as a Felid Chaos Knight on Aug 28, 2016.
             Slain by a worm (9 damage)
             ... on level 2 of the Dungeon.
             The game lasted 00:02:44 (1517 turns).

rlgrobin the Scratcher (Felid Chaos Knight)         Turns: 1517, Time: 00:02:45

Health: -2/17      AC:  1    Str:  8    XL:     3   Next: 51%
Magic:  4/4        EV: 18    Int: 13    God:    Xom [....*.]
Gold:   58         SH:  0    Dex: 16    Spells: 0 memorised, 2 levels left
                                        Lives:  0   Deaths: 0

rFire  . . .     SeeInvis +       - Unarmed
rCold  . . .     Gourm    .     (armour unavailable)
rNeg   . . .     Faith    .     (shield unavailable)
rPois  .         Spirit   .     (helmet unavailable)
rElec  .         Dismiss  .     (cloak unavailable)
rCorr  .         Reflect  .     (gloves unavailable)
MR     .....     Harm     .     (boots unavailable)
Stlth  +++.......               d - amulet of regeneration
                                (no ring)
                                (no ring)

@: quick
A: no armour, no weapons or thrown items, claws 1, fangs 3, see invisible,
carnivore 3, speed 1, shaggy fur 1, slow metabolism 1, sharp paws
a: Renounce Religion


You were on level 2 of the Dungeon.
You worshipped Xom.
You were a beloved toy of Xom.
You were completely stuffed.

You visited 1 branch of the dungeon, and saw 2 of its levels.

You collected 58 gold pieces.

Inventory:

Jewellery
 d - an amulet of regeneration (around neck)
Scrolls
 h - a scroll of magic mapping {unknown}
 k - a scroll of teleportation {unknown}
Potions
 e - a potion of curing
 i - a potion of magic {unknown}
 j - a potion of cure mutation {unknown}
Comestibles
 a - 3 meat rations
 c - a slice of pizza
 f - 2 beef jerkies


   Skills:
 - Level 3.0 Fighting
 - Level 3.2 Dodging
 - Level 3.0 Stealth
 + Level 4.0 Unarmed Combat


You had 2 spell levels left.
You didn't know any spells.

Dungeon Overview and Level Annotations

Branches:
Dungeon (2/15)

Altars:


Innate Abilities, Weirdness & Mutations

You cannot wear armour.
You are incapable of wielding weapons or throwing items.
You have sharp claws.
You have razor-sharp teeth.
You have supernaturally acute eyesight. (SInv)
You are carnivorous and can eat meat at any time.
You cover ground quickly.
You are covered in fur. (AC +1)
You have a slow metabolism.
Your sharp claws are effective at attacking unaware monsters.


Message History

There is a stone staircase leading up here.
d - a dented sapphire amulet Put on which piece of jewellery? (? for menu, Esc to quit)
The amulet throbs as it attunes itself to your uninjured body.
d - an amulet of regeneration (around neck)
As you read the scroll labeled KUGOEL REILU, it crumbles to dust.
It is a scroll of identify.
e - a potion of curing
Found a meat ration.
a - 3 meat rations (gained 1)
Found a ring mail.
You scratch the worm but do no damage. The worm bites you!
Ouch! That really hurt!
You scratch the worm.
The worm is lightly wounded.
You claw the worm!
The worm is heavily wounded.
The worm bites you!
Ouch! That really hurt!
You die...

##### #...### #.....#
#...#.# #.....# #.#...##
#.#....## #.##@...#
#..##w...# ###...##....#
#......##...#
#..>....##[.# ########
#........##.# ...#...##
#.........#..#
........###.........#..#
.........#.............#


You could see a worm.

Vanquished Creatures
  An adder (D:2)
  An ooze (D:1)
  A dart slug (D:1)
  2 giant cockroaches (D:1)
  5 goblins (D:1)
  3 hobgoblins (D:1)
  4 jackals (D:1)
  2 kobolds (D:1)
  6 bats (D:1)
  A giant newt (D:1)
  5 rats (D:1)
31 creatures vanquished.

Notes
Turn   | Place    | Note
-------+----------+-------------------------------------------
     0 | D:1      | rlgrobin the Felid Chaos Knight began the quest for the Orb.
     0 | D:1      | Reached XP level 1. HP: 10/10 MP: 2/2
   112 | D:1      | XOM: silly message
   115 | D:1      | Reached XP level 2. HP: 13/14 MP: 3/3
   306 | D:1      | XOM: medium Chrm miscast
   795 | D:1      | Reached XP level 3. HP: 12/17 MP: 4/4
   912 | D:1      | XOM: give mutation
  1362 | D:2      | Reached skill level 4 in Unarmed Combat
  1517 | D:2      | Slain by a worm

Vault maps used:
D:1:      mrwooster_arrival_statue_3, interstate_on_off,
          hangedman_abyss_or_decor_lesser_grid, minmay_misc_feat_more_columns,
          minmay_misc_feat_plants, minmay_box_of_dots
D:2:      marbit_many_paths, ecumenical_altar_1, minmay_misc_feat_square,
          nrook_mini_backslash, grunt_decor_mini_mirrors

Skill      XL: |  1  2  3 |
---------------+----------+-----
Stealth        | 2 3 |  3.0
Unarmed Combat | 4 |  4.0
Fighting       | |  3.0
Dodging        | |  3.2

Action                   || total
-------------------------++-------
Melee: Unarmed           ||    93
       Punch             ||     3
       Bite              ||     7
  Use: Scroll            ||     1
       Potion            ||     1
 Stab: Sleeping          ||     5
       Distracted        ||     1
  Eat: Chunk             ||     8
Armor: Skin              ||     7
Dodge: Dodged            ||    72
